 Dungeon Crawl Stone Soup version 0.20-a0-1109-ge3cd172 (console) character file.

106 pagos the Cutter (level 5, 0/36 HPs)
             Began as a Halfling Abyssal Knight on May 6, 2017.
             Was a Believer of Lugonu.
             Slain by Sigmund
             ... wielding a +0 scythe
              (14 damage)
             ... on level 3 of the Dungeon.
             The game lasted 00:05:09 (1652 turns).

pagos the Cutter (Halfling Abyssal Knight)          Turns: 1652, Time: 00:05:09

Health: 0/36       AC:  6    Str: 14    XL:     5   Next: 10%
Magic:  7/7        EV: 13    Int: 10    God:    Lugonu [**....]
Gold:   72         SH:  0    Dex: 14    Spells: 4/4 levels left

rFire    . . .     SeeInvis .   m - +2 dagger (vamp)
rCold    . . .     Gourm    .   (shield restricted)
rNeg     . . .     Faith    .   l - +0 ring mail
rPois    .         Spirit   .   (no helmet)
rElec    .         Reflect  .   (no cloak)
rCorr    .         Harm     .   h - +0 pair of gloves
MR       .....                  (no boots)
Stlth    +.........             (no amulet)
Regen    0.2/turn               (no ring)
MPRegen  0.1/turn               (no ring)

@: no status effects
A: mutation resistance 1
a: Depart the Abyss, Bend Space, Renounce Religion


You were on level 3 of the Dungeon.
You worshipped Lugonu.
Lugonu was pleased with you.
You were not hungry.

You visited 1 branch of the dungeon, and saw 3 of its levels.
You visited the Abyss 1 time.

You collected 72 gold pieces.

Inventory:

Hand Weapons
 m - a +2 vampiric dagger (weapon)
Armour
 h - a +0 pair of gloves (worn)
 l - a +0 ring mail (worn)
Scrolls
 a - a scroll of enchant weapon
 i - a scroll of teleportation
 k - a scroll of identify
Potions
 b - 2 potions of heal wounds {unknown}
 d - 2 potions of curing
 e - a potion of flight {unknown}
 g - a potion of might {unknown}
 o - a potion of magic {unknown}
 p - a potion of agility {unknown}
Comestibles
 c - a bread ration
 f - a meat ration
 j - a royal jelly
 n - 3 chunks of flesh


   Skills:
 - Level 3.1 Fighting
 * Level 3.9 Short Blades
 - Level 2.3 Armour
 + Level 2.4 Dodging
 + Level 1.2 Stealth
 + Level 2.7 Invocations


You had 4 spell levels left.
You didn't know any spells.

Dungeon Overview and Level Annotations

Branches:
Dungeon (3/15)

Altars:

Annotations:
D:3 Sigmund


Innate Abilities, Weirdness & Mutations

You are small and have problems with some larger weapons.
You are somewhat resistant to further mutation.


Message History

You closely miss the jackal.
The jackal is lightly wounded.
The jackal barely misses you.
You hit the jackal.
The jackal is heavily wounded.
The jackal closely misses you. Something hits you!
You closely miss the jackal.
The jackal is heavily wounded.
The jackal completely misses you.
The jackal bites you but does no damage.
You hit the jackal.
You feel better.
The jackal is almost dead.
Something hits you!
* * * LOW HITPOINT WARNING * * *
The jackal misses you.
You feel better. The jackal barely misses you.
You barely miss the jackal.
The jackal is almost dead.
Something hits you!
You die...

.........#
#.<.....## #.#
##.....## #.#
##...## ... ##+##
#.# # #.# #h# #
#.####### #{# #
##.#.....# #h#
###....###.# #@#
##.....###.#####.#
.>...............#
####.#.###.#######
# ###.# #.# #
#.###.# # #.....#
# #######


You could see 2 jackals.

Vanquished Creatures
  Jessica (D:3)
  2 adders (D:2)
  An ooze (D:1)
  A dart slug (D:1)
  2 leopard geckos (D:2)
  An orc (D:3)
  2 giant cockroaches
  7 goblins
  9 hobgoblins
  2 jackals (D:3)
  8 kobolds
  5 bats
  6 frilled lizards
  6 rats
53 creatures vanquished.

Notes
Turn   | Place    | Note
-------+----------+-------------------------------------------
     0 | Abyss:1  | pagos the Halfling Abyssal Knight began the quest for the Orb.
     0 | Abyss:1  | Reached XP level 1. HP: 15/15 MP: 2/2
    11 | Abyss:1  | Found a shattered altar of Ashenzari.
    51 | D:1      | Escaped the Abyss
   301 | D:1      | Reached XP level 2. HP: 18/20 MP: 3/3
   868 | D:1      | Reached XP level 3. HP: 23/26 MP: 4/4
  1081 | D:2      | Reached ** piety under Lugonu
  1136 | D:2      | Reached XP level 4. HP: 25/31 MP: 5/5
  1582 | D:3      | Noticed Jessica
  1592 | D:3      | Killed Jessica
  1592 | D:3      | Reached skill level 1 in Stealth
  1592 | D:3      | Reached XP level 5. HP: 31/36 MP: 5/7
  1639 | D:3      | Noticed Sigmund
  1652 | D:3      | Slain by Sigmund

Vault maps used:
D:1:      matt_arrival_diagonals, minmay_misc_feat_diagonals, corner_web_ring
D:3:      uniq_grinder, uniq_sigmund, uniq_jessica
Abyss:1:  evilmike_abyss_exit_8

Skill      XL: |  1  2  3  4 |
---------------+-------------+-----
Fighting       | 3 |  3.1
Short Blades   | 3 |  3.9
Dodging        | 2 |  2.4
Stealth        | 1 |  1.2
Armour         | |  2.3
Invocations    | |  2.7

Action                   |  1- 3 |  4- 6 || total
-------------------------+-------+-------++-------
Melee: Short sword       |    60 |       ||    60
       Dagger            |    51 |    88 ||   139
  Use: Scroll            |     4 |     2 ||     6
       Potion            |       |     1 ||     1
  Eat: Bread ration      |     1 |       ||     1
       Fruit             |     1 |       ||     1
       Chunk             |       |     2 ||     2
Armor: Leather armour    |    29 |    12 ||    41
       Ring mail         |       |    20 ||    20
Dodge: Dodged            |   100 |    52 ||   152
